 Dungeon Crawl Stone Soup version 0.32-a0-132-g2d33c3cfaf (webtiles) character file.

Game seed: 17321037366793295580

104 Newt the Cutter (level 4, 0/35 HPs)
             Began as a Demonspawn Gladiator on Feb 9, 2024.
             Frozen to death by an endoplasm (5 damage)
             ... on level 3 of the Dungeon.
             The game lasted 00:01:57 (1560 turns).

Newt the Cutter (Demonspawn Gladiator)              Turns: 1560, Time: 00:01:57

Health: 0/35       AC:  6    Str: 14    XL:     4   Next: 52%
Magic:  4/4        EV: 12    Int:  8    God:
Gold:   170        SH:  0    Dex: 17    Spells: 3/3 levels left

rFire   . . .        a - +0 rapier
rCold   . . .        (no shield)
rNeg    . . .        b - +0 leather armour
rPois   .            c - +0 helmet
rElec   .            (no cloak)
rCorr   .            (no gloves)
SInv    .            (no boots)
Will    +....        (no amulet)
Stlth   +            (no ring)
HPRegen 0.25/turn    (no ring)
MPRegen 0.09/turn

%: no passive effects
@: enlightened, flying
A: slimy green scales 1, powered by death 1
a: no special abilities


You were on level 3 of the Dungeon.
You visited 1 branch of the dungeon, and saw 3 of its levels.

You collected 170 gold pieces.

Inventory:

Hand Weapons
 a - a +0 rapier (weapon)
Armour
 b - a +0 leather armour (worn)
 c - a +0 helmet (worn)
Scrolls
 i - a scroll of immolation {unknown}
Potions
 g - a potion of lignification {unknown}
 h - a potion of enlightenment


   Skills:
 + Level 3.2 Fighting
 - Level 4.0 Short Blades
 * Level 2.3 Throwing
 - Level 2.6 Dodging


You had 3 spell levels left.
You didn't know any spells.
Your spell library contained the following spells:

 Spells                   Type           Power      Damage    Failure   Level
 Sandblast                Erth           0%         2d4       50%         1
 Passwall                 Erth           0%         N/A       86%         3
 Stone Arrow              Conj/Erth      0%         3d7       86%         3
 Brom's Barrelling Bould  Conj/Erth      0%         2d3       99%         4


Dungeon Overview and Level Annotations

Branches:
Dungeon (3/15)

Altars:


Innate Abilities, Weirdness & Mutations

You are partially covered in slimy green scales. (AC +2)
You regenerate a little health from kills.


Message History

The orc hits you with a +2 falchion of protection.
* * * LOW HITPOINT WARNING * * *
You hit the orc.
The orc is heavily wounded.
The orc hits you with a +2 falchion of protection.
* * * LOW HITPOINT WARNING * * *
Throw: dart (poison)
Press: ? - help, Q - select action Shift-Dir - straight line, f/p - orc
Aim: an orc, wielding a +2 falchion of protection (heavily wounded, 59% to hit)
You throw a poisoned dart. The poisoned dart hits the orc.
The orc is poisoned.
The orc is heavily wounded.
The orc hits you with a +2 falchion of protection.
* * * LOW HITPOINT WARNING * * *
Unknown command.
You hit the orc.
You kill the orc!
Unknown command.
You hit the endoplasm.
The endoplasm is lightly wounded.
The endoplasm barely misses you.
Unknown command.
You hit the endoplasm.
The endoplasm is heavily wounded.
The endoplasm freezes you.
You are frozen.
* * * LOW HITPOINT WARNING * * *
Unknown command.
Unknown command.
Hit: a) +0 rapier
Press: ? - help, Dir - move target, f - endoplasm
Aim: an endoplasm (moderately wounded, about 13% to evade your +0 rapier)
Okay, then.
You have nothing you can fire or use right now.
You feel better. The endoplasm hits you.
* * * LOW HITPOINT WARNING * * *
You hit the endoplasm.
The endoplasm is heavily wounded.
The endoplasm freezes you.
You are frozen.
You die...

.# #.# ...####.# ....#.#
#.##.).# #......###
#..###...# #....##.##
####<....###### ####(>J@...#
#######.# #.# #.#########
#.#.......# #.#.#####.#
#.#.#####.# #.........#
#################.#####.####


You could see an endoplasm.

Vanquished Creatures
  An orc wizard (D:3)
  3 adders (D:2)
  2 dart slugs (D:1)
  4 orcs (D:3)
  4 endoplasms
  3 giant cockroaches
  2 goblins
  4 hobgoblins
  A quokka (D:1)
  8 ball pythons
  A bat (D:2)
  2 frilled lizards
  4 kobolds (D:2)
  5 rats (D:2)
44 creatures vanquished.

Notes
Turn   | Place    | Note
-------+----------+-------------------------------------------
     0 | D:1      | Newt the Demonspawn Gladiator began the quest for the Orb.
     0 | D:1      | Reached XP level 1. HP: 16/16 MP: 1/1
    54 | D:1      | Reached skill level 3 in Short Blades
   252 | D:1      | Gained mutation: You regenerate a little health from kills.
                  | [demonic ancestry]
   252 | D:1      | Reached XP level 2. HP: 22/22 MP: 2/2
   827 | D:2      | Reached XP level 3. HP: 27/28 MP: 3/3
  1037 | D:2      | Found a faded altar of an unknown god.
  1343 | D:3      | Gained mutation: You are partially covered in slimy green
                  | scales. (AC +2) [demonic ancestry]
  1343 | D:3      | Reached XP level 4. HP: 29/34 MP: 4/4
  1393 | D:3      | Reached skill level 4 in Short Blades
  1555 | D:3      | HP: 1/35 [orc/+2 falchion of protection (1)]
  1560 | D:3      | Frozen to death by an endoplasm

Illustrated notes

Levels and vault maps discovered:
D:1:      spicycebolla_green_bress_n_ham, layout_loops_ring, minmay_pentomino_t2
D:2:      layout_rooms, basic_altar, hellmonk_ecumenical_altar_run_dry,
          grunt_decor_mini_mirrors
D:3:      layout_basic, gammafunk_ghost_abyssal_escape, serial_shops, shop,
          nicolae_shop_crystal, nicolae_shop_crystal, uniq_crazy_yiuf_cottage

Skill      XL: |  1  2  3  4 |
---------------+-------------+-----
Short Blades   | 3 4 |  4.0
Fighting       | 3 |  3.2
Throwing       | 2 |  2.3
Dodging        | |  2.6

Action                     |  1- 3 |  4- 6 || total
---------------------------+-------+-------++-------
  Melee: Rapier            |   103 |    55 ||   158
         Punch             |     4 |     2 ||     6
  Throw: Javelin           |     1 |     1 ||     2
         Dart              |       |     3 ||     3
         Throwing net      |       |     3 ||     3
    Use: Potion            |       |     3 ||     3
   Stab: Held in net/web   |       |     1 ||     1
 Armour: Leather armour    |    57 |    41 ||    98
  Dodge: Dodged            |    63 |     9 ||    72

Table legend: (Time is in decaauts)
 A = Elapsed time spent in this place.
 B = Non-inter-level travel time spent in this place.
 C = Inter-level travel time spent in this place.
 D = Time resting spent in this place.
 E = Time spent auto-exploring this place.
 F = Levels seen in this place.
 G = Mean time per level.
                   A        B        C        D        E       F      G
               +--------+--------+--------+--------+--------+-----+--------+
         Total |   1563 |   1496 |     67 |    158 |   1037 |   3 |  521.0 |
       Dungeon |   1563 |   1496 |     67 |    158 |   1037 |   3 |  521.0 |
               +--------+--------+--------+--------+--------+-----+--------+

Top non-repeatable levels by time:
     D:1: 803 daAuts
     D:2: 507 daAuts
     D:3: 252 daAuts
